 Dungeon Crawl Stone Soup version 0.23-a0-398-g8eab93fbe2 (webtiles) character file.

5343 Notair the Cleaver (level 10, 88/88 HPs)
             Began as a Minotaur Gladiator on Nov 3, 2018.
             Was an Elder of Okawaru.
             Got out of the dungeon alive.
             The game lasted 00:22:24 (7282 turns).

Notair the Cleaver (Minotaur Gladiator)             Turns: 7282, Time: 00:22:24

Health: 88/88      AC: 17    Str: 21    XL:     10   Next: 38%
Magic:  9/9        EV:  8    Int:  5    God:    Okawaru [****..]
Gold:   404        SH:  0    Dex: 13    Spells: 9/9 levels left

rFire    . . .     SeeInvis .   a - +2 war axe (flame)
rCold    . . .     Gourm    .   (no shield)
rNeg     . . .     Faith    .   O - +3 plate armour
rPois    .         Spirit   .   c - +0 hat
rElec    .         Reflect  .   q - scarf {cloud immunity}
rCorr    .         Harm     .   v - +0 pair of gloves
MR       .....                  (no boots)
Stlth    ..........             (no amulet)
HPRegen  0.24/turn              (no ring)
MPRegen  0.11/turn              (no ring)

@: drained
A: retaliatory headbutt, horns 2
a: Heroism, Renounce Religion


You escaped.
You worshipped Okawaru.
Okawaru was greatly pleased with you.
You were not hungry.

You visited 2 branches of the dungeon, and saw 9 of its levels.

You collected 404 gold pieces.

Inventory:

Hand Weapons
 a - a +2 war axe of flaming (weapon)
 d - a +0 hunting sling
 e - a +2 trident of venom
 L - a +4 battleaxe
Missiles
 i - 79 stones
 m - 56 bolts
 n - 4 curare-tipped needles
 A - 5 exploding tomahawks
 H - 2 throwing nets (quivered)
 M - 25 sling bullets
Armour
 c - a +0 hat (worn)
 q - a scarf of cloud immunity (worn)
 v - a +0 pair of gloves (worn)
 N - a +0 chain mail of magic resistance
 O - a +3 plate armour (worn)
Jewellery
 l - an uncursed ring of protection from fire {unknown}
 o - an uncursed ring of wizardry {unknown}
 s - an uncursed ring of wizardry {unknown}
 u - a +2 ring of slaying {unknown}
 z - an uncursed ring of stealth {unknown}
 G - a +4 ring of intelligence {unknown}
Wands
 g - a wand of flame (35)
 E - a wand of random effects (17)
 I - a wand of digging (3)
Scrolls
 h - 2 scrolls of teleportation
 x - a scroll of fog {unknown}
 y - a scroll of enchant armour {unknown}
 C - a scroll of magic mapping {unknown}
 F - a scroll of noise {unknown}
Potions
 j - 3 potions of heal wounds
 k - 4 potions of agility
 p - a potion of berserk rage
 r - 2 potions of curing
 t - 4 potions of haste
 w - 2 potions of ambrosia
 B - 2 potions of lignification
 D - a potion of flight {unknown}
 K - 2 potions of mutation {unknown}
Comestibles
 b - a chunk of flesh
 f - 15 rations


   Skills:
 + Level 7.7(7.4) Fighting
 * Level 11.2(11.8) Axes
 - Level 7.5(10.1) Polearms
 - Level 6.2 Slings
 - Level 2.0(3.9) Throwing
 - Level 7.7(7.5) Armour
 - Level 3.2(3.0) Dodging
 - Level 1.5(1.3) Stealth


You had 9 spell levels left.
You didn't know any spells.
Your spell library was empty.

Dungeon Overview and Level Annotations

Branches:
Dungeon (8/15)             Temple (1/1) D:5
   Lair: D:8-11

Altars:
Cheibriados
Dithmenos
Fedhas
Hepliaklqana
Makhleb
Nemelex Xobeh
Okawaru
Ru
Sif Muna
Trog
Wu Jian
Xom


Innate Abilities, Weirdness & Mutations

You reflexively headbutt those who attack you in melee.
You have a pair of horns on your head.


Message History

There is a stone staircase leading up here.
You climb upwards.
Eating one of 2 chunks of flesh.
You eat one of the 2 chunks of flesh.
This raw flesh tastes terrible.
There is a stone staircase leading down here.
There is a stone staircase leading up here.
You climb upwards.
There is a stone staircase leading down here.
There is a stone staircase leading down here.
There is a stone staircase leading up here.
You climb upwards.
There is a stone staircase leading down here.
There is a stone staircase leading up here.
You climb upwards.
There is a stone staircase leading down here.
There is a stone staircase leading up here.
You climb upwards.
There is a stone staircase leading down here.
There is a staircase leading out of the dungeon here.
Are you sure you want to leave the Dungeon?
This will make you lose the game!
You have escaped!

#........# #####.##.# #...
##........# ####..##.##.###...
#......#### #.....##.##.......
#......### #.###.##.#####..÷.
#........## ####.###.#..# ##...
###....#..###........#.## #...
#†)#..#.#...##'#...#..######÷..
#.†#....#..###.##...........###
#..#.......+.>@.+........##....
#..........###.##.........#..[.
#.....≈§≈≈.§##+#..≈≈≈≈...).....
#....≈≈≈≈§≈......≈≈≈≈≈≈........
#..#§§§≈§≈≈§.....≈≈≈≈≈≈.)......
##....≈≈≈§≈§§.....≈≈≈≈≈≈........
##......≈≈≈§§.†.....≈≈≈≈...#.#...
#..............#.#...........####
#.......#####...†.#...........)..


There were no monsters in sight!

Vanquished Creatures
  Harold (D:7)
  A two-headed ogre (D:8)
  Pikel (D:7)
  Maurice (D:8)
  A hippogriff (D:8)
  2 ice beasts
  3 slaves (D:7)
  An ogre (D:4)
  A sky beast (D:7)
  4 orc warriors
  A big kobold (D:7)
  A gnoll sergeant (D:6)
  3 bullfrogs
  A water moccasin skeleton (D:8)
  3 scorpions
  3 killer bees (D:7)
  2 crimson imps (D:5)
  A howler monkey (D:6)
  A quasit (D:7)
  3 hounds
  2 jellies (D:5)
  6 orc priests
  2 bullfrog skeletons
  Jessica (D:3)
  Natasha (thrice) (D:3)
  3 iguanas
  10 worker ants
  12 orc wizards
  Terence (D:3)
  A hound zombie (D:6)
  A hound skeleton (D:8)
  A worker ant zombie (D:5)
  11 adders
  8 gnolls
  2 shadow imps
  2 adder skeletons
  3 worms
  5 dart slugs
  3 leopard geckos
  40 orcs
  A ball python (D:5)
  15 bats
  5 giant cockroaches
  7 goblins
  7 hobgoblins
  10 jackals
  8 quokkas
  A ball python skeleton (D:4)
  3 frilled lizards
  A jackal skeleton (D:4)
  13 kobolds
  2 quokka skeletons (D:6)
  6 rats
231 creatures vanquished.

Notes
Turn   | Place    | Note
-------+----------+-------------------------------------------
     0 | D:1      | Notair the Minotaur Gladiator began the quest for the Orb.
     0 | D:1      | Reached XP level 1. HP: 18/18 MP: 0/0
    36 | D:1      | Reached skill level 4 in Axes
    96 | D:1      | Reached XP level 2. HP: 18/25 MP: 1/1
   347 | D:1      | Reached XP level 3. HP: 28/30 MP: 2/2
   419 | D:2      | Reached skill level 5 in Axes
   505 | D:2      | Reached skill level 1 in Armour
   510 | D:2      | Reached XP level 4. HP: 20/37 MP: 3/3
  1153 | D:2      | Reached skill level 6 in Axes
  1394 | D:3      | Noticed Jessica
  1432 | D:3      | Killed Jessica
  1432 | D:3      | Reached XP level 5. HP: 10/45 MP: 4/4
  1718 | D:3      | Noticed Natasha
  1727 | D:3      | Killed Natasha
  1880 | D:3      | Noticed Terence
  1907 | D:3      | Killed Terence
  1907 | D:3      | Reached skill level 1 in Stealth
  1983 | D:3      | Noticed Natasha
  1992 | D:3      | Killed Natasha
  1996 | D:3      | Reached XP level 6. HP: 34/51 MP: 5/5
  2013 | D:3      | Reached skill level 7 in Axes
  2242 | D:3      | Noticed Natasha
  2250 | D:3      | Killed Natasha
  2260 | D:3      | Found a burning altar of Makhleb.
  2266 | D:3      | Reached skill level 1 in Polearms
  2495 | D:4      | Reached skill level 1 in Slings
  2560 | D:4      | Found a bloodstained altar of Trog.
  2575 | D:4      | Reached XP level 7. HP: 58/58 MP: 6/6
  3045 | D:5      | Entered Level 5 of the Dungeon
  3112 | D:5      | Reached skill level 8 in Axes
  3261 | D:5      | Reached XP level 8. HP: 58/67 MP: 7/7
  3698 | D:5      | Found a staircase to the Ecumenical Temple.
  3711 | Temple   | Entered the Ecumenical Temple
  3771 | Temple   | Became a worshipper of Warmaster Okawaru
  3970 | D:6      | Reached skill level 5 in Fighting
  4349 | D:6      | Reached * piety under Okawaru
  4562 | D:6      | Reached skill level 5 in Slings
  4571 | D:6      | Found a snail-covered altar of Cheibriados.
  4805 | D:7      | Reached skill level 5 in Polearms
  4970 | D:7      | Reached skill level 5 in Armour
  5007 | D:6      | Reached XP level 9. HP: 17/75 MP: 8/8
  5485 | D:7      | Noticed Harold
  5505 | D:7      | Reached skill level 9 in Axes
  5508 | D:7      | Reached ** piety under Okawaru
  5524 | D:7      | Killed Harold
  5524 | D:7      | Reached *** piety under Okawaru
  5935 | D:7      | Noticed Pikel
  5953 | D:7      | Killed Pikel
  6529 | D:8      | Reached skill level 10 in Axes
  6529 | D:8      | Reached XP level 10. HP: 38/86 MP: 9/9
  6748 | D:8      | Found an ornate altar of the Wu Jian Council.
  6748 | D:8      | Noticed Maurice
  6760 | D:8      | Killed Maurice
  6760 | D:8      | Reached **** piety under Okawaru
  7011 | D:8      | Noticed a two-headed ogre
  7019 | D:8      | Killed a two-headed ogre
  7092 | D:8      | Received a gift from Okawaru
  7100 | D:8      | Reached skill level 11 in Axes
  7282 | D:$      | Got out of the dungeon alive.

Vault maps used:
D:1:      dpeg_arrival_pits
D:2:      minmay_misc_feat_pillars
D:3:      makhleb_heckhound_becter, uniq_natasha, uniq_jessica, uniq_terence
D:4:      nicolae_overflow_hidden_temple
D:5:      minmay_temple_entry_statues_pillars, first_ration
D:6:      basic_altar
D:7:      serial_glass, glass_columns_b, glass_columns_b, uniq_pikel,
          uniq_harold
D:8:      good_gods_mini_temple, lemuel_round_altar, kennysheep_mini,
          amethyst_overflow_temple_binary, uniq_psyche, uniq_prince_ribbit1,
          uniq_joseph, uniq_maurice
Temple:   dshaligram_water_room_temple

Skill      XL: |  1  2  3  4  5  6  7  8  9 10 |
---------------+-------------------------------+-----
Axes           | 4 5 6 7 8 10 11 | 11.2
Armour         | 1 2 3 4 5 7 |  7.7
Fighting       | 3 4 6 7 |  7.7
Stealth        | 1 |  1.5
Polearms       | 1 3 5 7 |  7.5
Slings         | 1 3 5 6 |  6.2
Throwing       | |  2.0
Dodging        | |  3.2

Action                   |  1- 3 |  4- 6 |  7- 9 | 10-12 || total
-------------------------+-------+-------+-------+-------++-------
Melee: War axe           |    77 |    65 |    89 |    53 ||   284
       Headbutt          |    12 |    29 |    51 |    15 ||   107
       Trident           |       |   102 |   191 |       ||   293
 Fire: Hunting sling     |       |    17 |    83 |       ||   100
Throw: Stone             |       |    10 |     3 |       ||    13
       Throwing net      |       |     4 |       |     2 ||     6
Invok: Heroism           |       |       |       |     1 ||     1
  Use: Potion            |     1 |       |     1 |       ||     2
       Scroll            |       |       |     6 |     1 ||     7
 Stab: Sleeping          |     1 |     2 |       |       ||     3
       Held in net/web   |       |       |       |     1 ||     1
  Eat: Chunk             |       |     6 |    11 |     4 ||    21
Armor: Leather armour    |    26 |    15 |       |       ||    41
       Chain mail        |       |    40 |    61 |       ||   101
       Plate armour      |       |       |   125 |    14 ||   139
Dodge: Dodged            |    68 |    80 |   116 |    18 ||   282

Table legend:
 A = Non-vault XP
 B = Vault XP
 C = Vault XP percentage of total XP
 D = Non-vault monster count
 E = Vault monster count
 F = Vault count percentage of total count
                 A         B        C        D         E       F
            +---------+---------+-------+---------+---------+-------
      Total |    5349 |    2285 |  29.9 |     221 |       7 |   3.1
            +---------+---------+-------+---------+---------+-------
        D:1 |      52 |       0 |   0.0 |      28 |       0 |   0.0
        D:2 |     128 |       0 |   0.0 |      34 |       0 |   0.0
        D:3 |     206 |     147 |  41.6 |      27 |       4 |  12.9
        D:4 |     524 |       0 |   0.0 |      25 |       0 |   0.0
        D:5 |     610 |       0 |   0.0 |      23 |       0 |   0.0
        D:6 |     935 |       0 |   0.0 |      31 |       0 |   0.0
        D:7 |     949 |    1658 |  63.6 |      29 |       2 |   6.5
        D:8 |    1945 |     480 |  19.8 |      24 |       1 |   4.0
            +---------+---------+-------+---------+---------+-------
